 Dungeon Crawl Stone Soup version 0.28.0-62-gf88900778d (webtiles) character file.

Game seed: 8107789984539537947

37 Coron the Sneak (level 3, 0/34 HPs)
             Began as a Deep Dwarf Delver on Mar 30, 2023.
             Splashed by a jelly's acid (4 damage)
             ... on level 4 of the Dungeon.
             The game lasted 00:01:56 (227 turns).

Coron the Sneak (Deep Dwarf Delver)                  Turns: 227, Time: 00:01:56

Health: 0/34       AC: -2    Str: 17    XL:     3   Next: 21%
Magic:  2/2        EV: 11    Int: 10    God:
Gold:   10         SH:  0    Dex: 14    Spells: 2/2 levels left

rFire   . . .      SeeInvis .   a - +0 hand axe
rCold   . . .      Faith    .   (no shield)
rNeg    . . .      Spirit   .   o - +0 ring mail
rPois   .          Reflect  .   (no helmet)
rElec   .          Harm     .   (no cloak)
rCorr   .          Rampage  .   (no gloves)
Will    .....                   (no boots)
Stlth   +++.......              (no amulet)
HPRegen 0.00/turn               (no ring)
MPRegen 0.08/turn               (no ring)

@: corroded
A: damage resistance, heal wounds, sense surroundings 1, no regeneration
a: Heal Wounds


You were on level 4 of the Dungeon.
You visited 1 branch of the dungeon, and saw 2 of its levels.

You collected 10 gold pieces.

Inventory:

Hand Weapons
 a - a +0 hand axe (weapon)
Missiles
 h - 59 stones (quivered)
Armour
 b - a +0 leather armour
 o - a +0 ring mail (worn)
Jewellery
 k - an amulet of magic regeneration
Wands
 g - a wand of digging (3)
Scrolls
 c - a scroll of fog
 d - a scroll of magic mapping
 e - a scroll of fear
 i - a scroll of teleportation
 j - a scroll of brand weapon {unknown}
 m - a scroll of summoning
 n - a scroll of identify
Potions
 f - a potion of haste
 p - a potion of heal wounds {unknown}


   Skills:
 - Level 3.0 Fighting
 + Level 2.7 Axes
 + Level 0.0 Armour
 + Level 2.7 Dodging
 - Level 6.3 Stealth


You had 2 spell levels left.
You didn't know any spells.
Your spell library was empty.

Dungeon Overview and Level Annotations

Branches:
Dungeon (5/15)
 Temple: D:4-7

Altars:

Shops:
D:4 (


Innate Abilities, Weirdness & Mutations

You are resistant to damage.
You can heal yourself by infusing magical energy.
You passively map a small area around you.
You do not regenerate.


Message History

Found an escape hatch in the floor.
Activating: Heal Wounds (26% risk of failure)
Press: ? - help, Q - select action, (/) - cycle Dir - look around, f - activate Your magical essence is drained by the effort!
You feel much better.
Throw: 2 darts (poison)
Press: ? - help, Q - select action, (/) - cycle Shift-Dir - straight line, f - jelly
Aim: a jelly (89% to hit)
You throw a poisoned dart. The poisoned dart hits the jelly.
The jelly is poisoned.
Throw: dart (poison)
Press: ? - help, Q - select action, (/) - cycle Shift-Dir - straight line, f/p - jelly
Aim: a jelly (poisoned, 89% to hit)
You throw a poisoned dart. The poisoned dart hits the jelly.
Unknown command.
Throw: 61 stones
Press: ? - help, Q - select action, (/) - cycle Shift-Dir - straight line, f/p - jelly
Aim: a jelly (poisoned, 89% to hit)
You throw a stone.
The stone hits the jelly but does no damage.
Throw: 60 stones
Press: ? - help, Q - select action, (/) - cycle Shift-Dir - straight line, f/p - jelly
Aim: a jelly (poisoned, 89% to hit)
You throw a stone. The stone hits the jelly.
The jelly is lightly wounded.
Unknown command.
You hit the jelly but do no damage. The acid corrodes you!
Your hands burn!
The jelly is lightly wounded.
The jelly hits you. The acid corrodes you!
You are splashed with acid.
The jelly hits you.
You are splashed with acid!
You hit the jelly.
Your hands burn!
The jelly is heavily wounded.
The jelly looks more healthy.
The jelly hits you.
You are splashed with acid!
* * * LOW HITPOINT WARNING * * *
You hit the jelly but do no damage.
Your hands burn!
* * * LOW HITPOINT WARNING * * *
The jelly is heavily wounded.
The jelly barely misses you.
You hit the jelly.
Your hands burn!
You die... , ,, , , * ** * , ,, * * * , , ,# * #.#.#.################## * * .>((((J@................ #.#.#.################## * # * ,, , , , , , * , * * *

You could see a jelly.

Vanquished Creatures
  An endoplasm (D:4)
  A goblin (D:4)
  A kobold (D:4)
3 creatures vanquished.

Vanquished Creatures (collateral kills)
  An orc priest (D:4)
  2 orcs (D:4)
3 creatures vanquished.

Grand Total: 6 creatures vanquished

Notes
Turn   | Place    | Note
-------+----------+-------------------------------------------
     0 | D:5      | Coron the Deep Dwarf Delver began the quest for the Orb.
     0 | D:5      | Reached XP level 1. HP: 20/20 MP: 1/1
    33 | D:4      | Found Ecitaet's Weapon Emporium.
   100 | D:4      | Noticed an orc priest
   108 | D:4      | Killed an orc priest
   109 | D:4      | Reached XP level 2. HP: 28/28 MP: 2/2
   109 | D:4      | Reached XP level 3. HP: 34/34 MP: 3/3
   227 | D:4      | Splashed by a jelly's acid

Illustrated notes

Levels and vault maps discovered:
D:4:      layout_basic, nicolae_take_the_stairs, chequers_mini_garden
D:5:      layout_basic, mainiacjoe_overflow_cross_hatched, st_stairs_8,
          uniq_duvessa

Skill      XL: |  1 |
---------------+----+-----
Fighting       | 3 |  3.0
Axes           | |  2.7
Dodging        | |  2.7
Stealth        | |  6.3

Action                   || total
-------------------------++-------
Melee: Hand axe          ||    20
       Punch             ||     1
Throw: Dart              ||     2
       Stone             ||     2
 Abil: Heal Wounds       ||     2
  Use: Scroll            ||     2
 Stab: Sleeping          ||     1
Armor: Leather armour    ||     2
Dodge: Dodged            ||     9
